 Dungeon Crawl Stone Soup version 0.29-a0-872-g797fff5ad1 (webtiles) character file.

Game seed: 10047634847043649046

71 jimonade the Sneak (level 4, 0/27 HPs)
             Began as a Kobold Brigand on July 18, 2022.
             Slain by a crimson imp (1 damage)
             ... summoned by Natasha
             ... on level 2 of the Dungeon.
             The game lasted 00:02:24 (1467 turns).

jimonade the Sneak (Kobold Brigand)                 Turns: 1467, Time: 00:02:26

Health: 0/27       AC:  3    Str:  8    XL:     4   Next: 47%
Magic:  4/4        EV: 14    Int: 12    God:
Gold:   57         SH:  0    Dex: 18    Spells: 3/3 levels left

rFire   . . .      SeeInvis .   a - +2 dagger
rCold   . . .      Faith    .   (no shield)
rNeg    . . .      Spirit   .   j - +0 robe
rPois   .          Reflect  .   (no helmet)
rElec   .          Harm     .   c - +0 cloak
rCorr   .          Rampage  .   (no gloves)
Will    .....                   (no boots)
Stlth   +++++.....              (no amulet)
HPRegen 0.09/turn               (no ring)
MPRegen 0.09/turn               (no ring)

@: slowed, very slow
A: small, no large weapons, nightstalker 3
a: no special abilities


You were on level 2 of the Dungeon.
You visited 1 branch of the dungeon, and saw 2 of its levels.

You collected 57 gold pieces.

Inventory:

Hand Weapons
 a - a +2 dagger (weapon)
 b - a +0 sling
Missiles
 d - 9 poisoned darts (quivered)
 e - 3 curare-tipped darts
Armour
 c - a +0 cloak (worn)
 j - a +0 robe (worn)
Jewellery
 k - an amulet of regeneration
Scrolls
 g - 2 scrolls of identify {unknown}
 h - 2 scrolls of teleportation {unknown}
 i - a scroll of enchant weapon {unknown}
 m - a scroll of fog {unknown}
Potions
 f - 2 potions of heal wounds {unknown}
 l - a potion of curing {unknown}


   Skills:
 + Level 2.3 Fighting
 + Level 3.3 Short Blades
 - Level 2.1 Throwing
 + Level 1.6 Dodging
 * Level 7.2 Stealth


You had 3 spell levels left.
You didn't know any spells.
Your spell library contained the following spells:

 Spells                   Type           Power      Damage    Failure   Level
 Anguish                  Hex/Necr       0%         N/A       97%         4
 Enfeeble                 Hex            0%         N/A       100%        7


Dungeon Overview and Level Annotations

Branches:
Dungeon (2/15)

Altars:

Annotations:
D:2 Natasha


Innate Abilities, Weirdness & Mutations

You are small and have problems with some larger weapons.
You are completely attuned to the shadows.


Message History

Natasha is moderately wounded.
Natasha barely misses you.
You miss Natasha.
Natasha is moderately wounded.
Natasha barely misses you. The crimson imp closely misses you.
Natasha misses you.
You hit Natasha.
Natasha is heavily wounded.
The crimson imp closely misses you. Natasha misses you.
You hit Natasha.
Natasha is heavily wounded.
The crimson imp barely misses you. Natasha casts a spell at you.
You feel as though you will be slow longer.
You hit Natasha.
Natasha is severely wounded.
The crimson imp barely misses you. Natasha closely misses you.
The crimson imp hits you but does no damage.
You hit Natasha.
Natasha is almost dead.
Natasha misses you. The crimson imp misses you.
Natasha mumbles some strange words.
You hit Natasha.
Natasha is almost dead.
The crimson imp hits you. x2
* * * LOW HITPOINT WARNING * * *
Natasha claws you.
* * * LOW HITPOINT WARNING * * *
You closely miss Natasha.
Natasha is almost dead.
The crimson imp barely misses you. The crimson imp hits you.
* * * LOW HITPOINT WARNING * * *
Natasha closely misses you. The crimson imp barely misses you.
You miss Natasha.
Natasha is almost dead.
The crimson imp hits you but does no damage.
Natasha claws you.
* * * LOW HITPOINT WARNING * * *
The crimson imp hits you.
You die...

### ###..# ##..# .. ###....#
##.. # #.## # #...##.# #...
# #..##.# #.####.# #...
#####.##.####. ##.# #.# #...
..)........... ###..# #.#
#... ######.#....## #...##
#†# #... #.......####.###
#.####... ###).#....h@.#
#.##..... ##.......55#
#.##.#... ####...÷..##.###
#.##.#... . #.......#......#
#.##.####
......#.#####...### #.##.#
......#.### ##....###.##.#
##
.#........######.........#
#.
..####.#........#..#.#.####.
.......########.##.#.#.###.>


You could see Natasha and 2 crimson imps.

Vanquished Creatures
  Natasha (D:2)
  A worm (D:2)
  A dart slug (D:2)
  2 endoplasms (D:2)
  3 goblins
  6 hobgoblins
  8 jackals
  A quokka (D:1)
  5 ball pythons
  4 bats
  3 kobolds
  3 rats
38 creatures vanquished.

Notes
Turn   | Place    | Note
-------+----------+-------------------------------------------
     0 | D:1      | jimonade the Kobold Brigand began the quest for the Orb.
     0 | D:1      | Reached XP level 1. HP: 12/12 MP: 1/1
   254 | D:1      | Reached XP level 2. HP: 17/17 MP: 2/2
   275 | D:1      | Reached skill level 6 in Stealth
   642 | D:1      | Found a faded altar of an unknown god.
   690 | D:1      | Reached XP level 3. HP: 21/21 MP: 3/3
  1341 | D:2      | Noticed Natasha
  1345 | D:2      | Killed Natasha
  1346 | D:2      | Reached skill level 7 in Stealth
  1346 | D:2      | Reached XP level 4. HP: 27/27 MP: 4/4
  1448 | D:2      | Noticed Natasha
  1467 | D:2      | HP: 1/27 [Natasha (1)]
  1467 | D:2      | Slain by a crimson imp

Illustrated notes

Levels and vault maps discovered:
D:1:      eino_arrival_water_cross, layout_loops_ring,
          shapermc_ecumenical_altar_notcrosses, hangedman_abyss_or_decor_stabs,
          chequers_serial_rivers_small_b
D:2:      layout_rooms, basic_altar, uniq_natasha

Skill      XL: |  1  2  3 |
---------------+----------+-----
Stealth        | 6 7 |  7.2
Short Blades   | 3 |  3.3
Fighting       | |  2.3
Throwing       | |  2.1
Dodging        | |  1.6

Action                   |  1- 3 |  4- 6 || total
-------------------------+-------+-------++-------
Melee: Dagger            |    86 |    32 ||   118
 Stab: Sleeping          |    19 |     1 ||    20
Armor: Robe              |    26 |     5 ||    31
Dodge: Dodged            |    67 |    36 ||   103

Table legend: (Time is in decaauts)
 A = Elapsed time spent in this place.
 B = Non-inter-level travel time spent in this place.
 C = Inter-level travel time spent in this place.
 D = Time resting spent in this place.
 E = Time spent auto-exploring this place.
 F = Levels seen in this place.
 G = Mean time per level.
                   A        B        C        D        E       F      G
               +--------+--------+--------+--------+--------+-----+--------+
         Total |   1455 |   1432 |     23 |      0 |   1198 |   2 |  727.5 |
       Dungeon |   1455 |   1432 |     23 |      0 |   1198 |   2 |  727.5 |
               +--------+--------+--------+--------+--------+-----+--------+

Top non-repeatable levels by time:
     D:1: 1012 daAuts
     D:2: 443 daAuts
